 Dungeon Crawl Stone Soup version 0.26-a0-1002-g7355149c4d (webtiles) character file.

Game seed: 14809835572643854766

26329 siradein the Thaumaturge (level 12, -18/51 HPs)
             Began as a Spriggan Conjurer on Dec 6, 2020.
             Was an Elder of Qazlal.
             Demolished by a boulder beetle (69 damage)
             ... on level 11 of the Dungeon on Dec 7, 2020.
             The game lasted 01:28:51 (26025 turns).

siradein the Thaumaturge (Spriggan Conjurer)       Turns: 26025, Time: 01:28:51

Health: -18/51     AC:  4    Str:  1 (3)  XL:     12   Next: 97%
Magic:  14/31      EV: 18    Int: 19 (22) God:    Qazlal [****..]
Gold:   443        SH:  5    Dex: 14 (15) Spells: 16/40 levels left

rFire    + + .     SeeInvis +   E - staff of conjuration
rCold    + . .     Faith    .   (shield currently unavailable)
rNeg     . . .     Spirit   .   y - +2 robe {rC+ rF+}
rPois    +         Reflect  .   (helmet restricted)
rElec    .         Harm     +   G - scarf {harm}
rCorr    .         Rampage  .   (gloves unavailable)
Will     ++...                  (boots unavailable)
Stlth    +.........             o - amulet of the acrobat
HPRegen  0.17/turn              H - ring of wizardry
MPRegen  0.22/turn              v - ring of poison resistance

@: repel missiles, very quick
A: very small, unfitting armour, see invisible, dopey 1, fire resistance 1,
speed 3
a: Upheaval, Elemental Force, Renounce Religion


You were on level 11 of the Dungeon.
You worshipped Qazlal.
Qazlal was greatly pleased with you.
You visited 3 branches of the dungeon, and saw 17 of its levels.

You collected 963 gold pieces.
You spent 520 gold pieces at shops.

Inventory:

Hand Weapons
 m - a +3 quarterstaff of chaos
Armour
 x - a +1 cloak
 y - a +2 robe of resistance (worn)
 G - a scarf of harm (worn)
 I - a +1 cloak of preservation
Magical Staves
 E - an uncursed staff of conjuration (weapon)
 F - an uncursed staff of death
Jewellery
 h - an uncursed ring of resist corrosion
 o - an amulet of the acrobat (around neck)
 v - a ring of poison resistance (right hand)
 A - a +4 ring of evasion
 H - a ring of wizardry (left hand)
 K - an uncursed ring of positive energy
 O - an uncursed ring of wizardry
 T - an uncursed ring of ice
 U - an uncursed amulet of guardian spirit
Wands
 q - a wand of paralysis (19)
 B - a wand of flame (49)
 J - a wand of random effects (16)
 P - a wand of acid (7)
 R - a wand of disintegration (31)
 S - a wand of iceblast (18)
Scrolls
 c - 7 scrolls of remove curse
 e - 10 scrolls of teleportation
 k - 8 scrolls of identify
 n - 4 scrolls of enchant weapon
 r - 2 scrolls of blinking
 t - a scroll of enchant armour
 z - 3 scrolls of magic mapping
 C - 4 scrolls of immolation
 M - 2 scrolls of amnesia
Potions
 a - a potion of invisibility
 b - 2 potions of flight
 d - 4 potions of curing
 f - 3 potions of might
 g - 7 potions of haste
 i - 3 potions of mutation
 p - a potion of cancellation
 u - a potion of heal wounds
 w - 3 potions of lignification
Miscellaneous
 V - a lightning rod (4/4)


   Skills:
 - Level 3.0 Dodging
 - Level 3.0 Stealth
 + Level 14.6 Spellcasting
 + Level 11.5 Conjurations
 + Level 7.6 Hexes
 + Level 9.0 Translocations
 + Level 5.7 Air Magic


You had 16 spell levels left.
You knew the following spells:

 Your Spells              Type           Power        Failure   Level
b - Searing Ray           Conj           ######       1%          2
c - Dazzling Flash        Conj/Hex       ######       1%          3
d - Fulminant Prism       Conj/Hex       ######....   1%          4
e - Iskenderun's Mystic   Conj/Tloc      ######..     1%          4
f - Lightning Bolt        Conj/Air       ######....   1%          5
g - Swiftness             Air            #####...     1%          2
h - Airstrike             Air            #####.....   1%          4

Your spell library contained the following spells:

 Spells                   Type           Power        Failure   Level
 Animate Skeleton         Necr           ##....       1%          1
 Apportation              Tloc           #####.       1%          1
 Beastly Appendage        Tmut           ##....       1%          1
 Corona                   Hex            #####..      1%          1
 Magic Dart               Conj           ####         1%          1
 Shock                    Conj/Air       ####         1%          1
 Sting                    Tmut/Pois      ##..         1%          1
 Summon Small Mammal      Summ           ##..         1%          1
 Ensorcelled Hibernation  Hex/Ice        ####..       1%          2
 Confusing Touch          Hex            #####...     1%          3
 Static Discharge         Conj/Air       ######..     1%          3
 Tukima's Dance           Hex            #####...     1%          3
 Leda's Liquefaction      Hex/Erth       ####......   4%          4
 Ignite Poison            Fire/Tmut/Pois ##......     6%          3
 Spider Form              Tmut/Pois      ##........   6%          3
 Summon Forest            Summ/Tloc      ####......   9%          5
 Bolt of Magma            Conj/Fire/Erth #####.....   11%         5
 Summon Mana Viper        Hex/Summ       ####....     11%         5
 Yara's Violent Unravell  Hex/Tmut       ####......   11%         5
 Iron Shot                Conj/Erth      ######....   26%         6
 Agony                    Necr           ##......     45%         5
 Alistair's Intoxication  Tmut/Pois      ##.......    45%         5
 Lee's Rapid Deconstruct  Erth           ##........   45%         5
 Statue Form              Tmut/Erth      ##.......    94%         6
 Chain Lightning          Conj/Air       ######....   96%         8
 Dragon Form              Tmut           ##........   100%        7
 Lehudib's Crystal Spear  Conj/Erth      ######....   100%        8
 Absolute Zero            Ice            ##........   100%        9
 Fire Storm               Conj/Fire      ######....   100%        9
 Shatter                  Erth           ##........   100%        9


Dungeon Overview and Level Annotations

Branches:
Dungeon (12/15)            Temple (1/1) D:6            Lair (4/6) D:10
  Swamp (0/4) Lair:4        Snake (0/4) Lair:3
    Orc: D:9-12

Altars:
Dithmenos
Elyvilon
Fedhas
Gozag
Hepliaklqana
Nemelex Xobeh
Okawaru
Qazlal
Ru
Sif Muna
Trog
Uskayaw
Vehumet
Wu Jian
Xom
Yredelemnul
The Shining One

Shops:
D:4 ?   D:8 =   D:11 *

Annotations:
Lair:4 3 runed translucent doors, exclusion: 2 oklob plants, Kanoan's ghost, journeyman MfSk


Innate Abilities, Weirdness & Mutations

You are very small and have problems with some larger weapons.
You are too small for most types of armour.
You have supernaturally acute eyesight. (SInv)
You cover ground extremely quickly.
You are dopey. (Int -2)
Your flesh is heat resistant. (rF+)


Message History

You start resting.
A boulder beetle is nearby!
There is a stone staircase leading down here.
You start resting.
A boulder beetle is nearby!
The boulder beetle curls into a ball and begins rolling!
The boulder beetle is engulfed in freezing vapours.
Casting: Airstrike (dangerous; 1% risk of failure)
Confirm with . or Enter, or press ? or * to list all spells.
You feel a surge of power!
You erupt in a blast of force!
The mystic blast hits the boulder beetle.
The boulder beetle is lightly wounded.
The boulder beetle is knocked back by the mystic blast.
The boulder beetle stops rolling and uncurls.
The boulder beetle curls into a ball and begins rolling!
The boulder beetle is struck by lightning.
There is a stone staircase leading up here.
The boulder beetle hits you!!!
Ouch! That really hurt!
You die...

#...#........#...............
#...#...##'###.......########
#...'...#...........#.#.###)#
#####...#...#...........##.#.#.#.
......(.###'#..........)#.#.#.###
..).....................##.#.#.#.
#........§......○§......###.#.#.#
#........§§°°°○B........##.#.#.#.
#........#######@.......#.###.#.#
#.......○# #######..##.#.#.#.
#........# #°.###.###.#
#........# #°.##.#.#.#.
#.......B# #..#)###.###
#.......°# #..##.#.#.#.
#.......°######### #..###.###)#
#........°○..B...#####..##.#.#.#.
#.......................#.###.###


You could see a boulder beetle.

Vanquished Creatures
  4 hydras
  Erica (D:10)
  A two-headed ogre (D:11)
  2 unseen horrors
  A faun (Lair:4)
  An ugly thing (D:11)
  3 black mambas
  10 cane toads
  7 komodo dragons
  A troll (D:11)
  A polar bear (Lair:4)
  A shadow (D:12)
  A wyvern (D:11)
  20 yaks
  A wraith (D:10)
  Eustachio (D:5)
  2 basilisks (Lair:3)
  A soldier ant (D:11)
  3 nagas (Lair:3)
  Edmund (D:5)
  11 water moccasins
  4 orc warriors
  An eye of draining (D:11)
  3 sky beasts
  3 ice beasts
  3 black bears
  3 ogres
  A phantom (D:11)
  40 wolves
  4 centaurs
  A big kobold (D:7)
  11 bullfrogs
  A wyvern zombie (D:11)
  5 scorpions
  5 killer bees (D:8)
  An electric eel (Lair:4)
  3 howler monkeys
  3 centaur zombies
  4 jellies
  6 hounds
  2 bullfrog zombies
  Crazy Yiuf (D:2)
  6 orc wizards
  3 orc priests
  2 bullfrog skeletons
  5 centaur skeletons
  Natasha (thrice) (D:3)
  An iguana (D:10)
  7 hell rats (Lair:1)
  12 worker ants
  A hound zombie (D:11)
  3 hound skeletons
  5 gnolls
  11 adders
  A shadow imp (D:8)
  5 white imps
  3 ufetubi
  4 oozes
  5 adder skeletons
  5 worms
  4 leopard geckos
  36 orcs
  3 bats
  8 giant cockroaches
  3 goblins
  4 hobgoblins
  11 jackals
  10 kobolds
  3 quokkas
  2 ball pythons (D:3)
  3 frilled lizards
  A hobgoblin zombie (D:12)
  A leopard gecko zombie (D:8)
  An orc skeleton (D:12)
  A quokka skeleton (D:4)
  A quokka zombie (D:3)
  10 rats
  3 butterflies
366 creatures vanquished.

Vanquished Creatures (others)
  2 bushes (Lair:3)
  29 fulminant prisms
  41 fungi
  49 plants
121 creatures vanquished.

Grand Total: 487 creatures vanquished

Notes
Turn   | Place    | Note
-------+----------+-------------------------------------------
     0 | D:1      | siradein the Spriggan Conjurer began the quest for the Orb.
     0 | D:1      | Reached XP level 1. HP: 9/9 MP: 5/5
   477 | D:1      | Reached XP level 2. HP: 13/13 MP: 2/6
  1126 | D:2      | Learned a level 2 spell: Searing Ray
  1310 | D:2      | Reached XP level 3. HP: 16/16 MP: 4/8
  1565 | D:2      | Found a runed translucent door.
  1566 | D:2      | Noticed Crazy Yiuf
  1829 | D:2      | Reached XP level 4. HP: 21/21 MP: 0/9
  2455 | D:2      | Killed Crazy Yiuf
  2641 | D:3      | Found a sacrificial altar of Ru.
  3098 | D:3      | Reached XP level 5. HP: 24/24 MP: 6/10
  3175 | D:3      | Reached skill level 5 in Conjurations
  3515 | D:3      | Noticed Natasha
  3532 | D:3      | Killed Natasha
  3846 | D:4      | Found Foczar's Magic Scroll Boutique.
  3933 | D:4      | Reached XP level 6. HP: 28/28 MP: 7/11
  4034 | D:4      | Found a shimmering altar of Xom.
  4465 | D:4      | Learned a level 3 spell: Dazzling Flash
  4677 | D:4      | Reached skill level 3 in Spellcasting
  4745 | D:4      | Reached XP level 7. HP: 32/32 MP: 7/12
  5062 | D:4      | You fall into a shaft and drop 3 floors!
  5304 | D:6      | Reached skill level 4 in Spellcasting
  5832 | D:6      | Reached skill level 5 in Spellcasting
  6027 | D:6      | Found a basalt altar of Yredelemnul.
  6133 | D:6      | Found a staircase to the Ecumenical Temple.
  6164 | D:6      | Found a shadowy altar of Dithmenos.
  6164 | D:6      | Noticed a shadow
  6186 | Temple   | Entered the Ecumenical Temple
  6290 | Temple   | Became a worshipper of Qazlal Stormbringer
  6353 | D:5      | Entered Level 5 of the Dungeon
  6360 | D:5      | Noticed Edmund
  6383 | D:5      | Killed Edmund
  6484 | D:5      | Reached XP level 8. HP: 36/36 MP: 11/17
  6544 | D:5      | Found an opulent altar of Gozag.
  6563 | D:5      | Found a stormy altar of Qazlal.
  6651 | D:5      | Reached skill level 6 in Spellcasting
  6662 | D:5      | Noticed Eustachio
  6679 | D:5      | Killed Eustachio
  7325 | D:3      | Noticed Natasha
  7333 | D:3      | Killed Natasha
  7551 | D:3      | Noticed Natasha
  7553 | D:3      | Killed Natasha
  8159 | D:6      | Reached skill level 7 in Spellcasting
  8347 | D:6      | Found a hazy altar of Hepliaklqana.
  8477 | D:7      | Reached * piety under Qazlal
  9014 | D:7      | Reached skill level 8 in Spellcasting
  9243 | D:7      | Learned a level 4 spell: Fulminant Prism
  9248 | D:7      | Learned a level 4 spell: Iskenderun's Mystic Blast
  9367 | D:7      | Found a shimmering blue altar of Sif Muna.
  9463 | D:7      | Reached XP level 9. HP: 39/39 MP: 17/22
  9778 | D:8      | Found Ikeucoig's Jewellery Shop.
  9835 | D:8      | Got a twisted war axe
  9853 | D:8      | Identified the +6 war axe of Coydaida {vorpal, SInv} (You
                  | found it on level 8 of the Dungeon)
 10374 | D:8      | Reached skill level 9 in Spellcasting
 10521 | D:8      | Reached ** piety under Qazlal
 10687 | D:9      | Learned a level 5 spell: Lightning Bolt
 10882 | D:8      | Reached skill level 10 in Spellcasting
 11320 | D:9      | Found a faded altar of an unknown god.
 11320 | D:9      | Found an iron altar of Okawaru.
 11327 | D:9      | Found a faded altar of an unknown god.
 11329 | D:9      | Found a bloodstained altar of Trog.
 11331 | D:9      | Found a hide-covered altar of Uskayaw.
 11380 | D:9      | Noticed a seven-headed hydra
 11518 | D:9      | Killed a seven-headed hydra
 11519 | D:9      | Reached XP level 10. HP: 25/44 MP: 13/25
 11699 | D:9      | Reached skill level 11 in Spellcasting
 12439 | D:10     | Entered Level 10 of the Dungeon
 12826 | D:10     | Found a staircase to the Lair.
 13118 | D:10     | Noticed an unseen horror
 13123 | D:10     | Killed an unseen horror
 13124 | D:10     | Reached skill level 12 in Spellcasting
 13124 | D:10     | Reached skill level 10 in Conjurations
 13738 | D:11     | Noticed an unseen horror
 13744 | D:11     | Killed an unseen horror
 13941 | D:11     | Noticed a boulder beetle
 14133 | D:11     | Reached *** piety under Qazlal
 14305 | D:11     | Found Qeicuvyp's Assorted Antiques.
 14348 | D:11     | Reached XP level 11. HP: 47/47 MP: 21/28
 14370 | D:11     | Reached skill level 13 in Spellcasting
 14668 | D:4      | Bought a scroll of acquirement for 520 gold pieces
 14668 | D:4      | Acquired The Advanced Guide to Wizardry
 14674 | D:4      | Learned a level 2 spell: Swiftness
 14679 | D:4      | Learned a level 4 spell: Airstrike
 15153 | D:11     | Noticed a two-headed ogre
 15172 | D:11     | Killed a two-headed ogre
 15173 | D:11     | Reached skill level 1 in Hexes
 15173 | D:11     | Reached skill level 1 in Translocations
 15173 | D:11     | Reached skill level 1 in Air Magic
 15609 | D:11     | Noticed a purple ugly thing
 15662 | D:11     | Killed a purple ugly thing
 16462 | Lair:1   | Entered Level 1 of the Lair of Beasts
 16462 | Lair:1   | Noticed Erica
 16471 | D:10     | Killed Erica
 17428 | Lair:1   | Reached skill level 5 in Translocations
 18693 | Lair:1   | Acquired an uncursed staff of conjuration
 19148 | Lair:2   | Noticed a four-headed hydra
 19169 | Lair:2   | Killed a four-headed hydra
 19170 | Lair:2   | Reached skill level 5 in Hexes
 19170 | Lair:2   | Reached XP level 12. HP: 51/51 MP: 7/30
 19786 | Lair:2   | Reached **** piety under Qazlal
 20536 | Lair:2   | Reached skill level 14 in Spellcasting
 20900 | Lair:3   | Found a staircase to the Snake Pit.
 21168 | Lair:3   | Noticed a four-headed hydra
 21796 | Lair:3   | Killed a four-headed hydra
 22099 | Lair:3   | Identified the Papyrus of Shape Shifting
 22528 | Lair:3   | Reached skill level 5 in Air Magic
 23943 | Lair:3   | Gained mutation: You are dopey. (Int -2) [potion of
                  | mutation]
 23943 | Lair:3   | Gained mutation: Your flesh is heat resistant. (rF+)
                  | [potion of mutation]
 23957 | Lair:3   | Lost strength.
 24249 | Lair:4   | Noticed a six-headed hydra
 24253 | Lair:4   | Killed a six-headed hydra
 24944 | Lair:4   | Found a runed translucent gate.
 24945 | Lair:4   | Found a runed translucent gate.
 24947 | Lair:4   | Found a runed translucent gate.
 24949 | Lair:4   | Noticed Kanoan's ghost (journeyman MfSk)
 25106 | Lair:4   | Found a staircase to the Swamp.
 26025 | D:11     | Demolished by a boulder beetle

Illustrated notes

Levels and vault maps discovered:
D:1:      psy_arrival_radial01, layout_loops_ring
D:2:      layout_basic, uniq_crazy_yiuf_cottage
D:3:      layout_loops_cross, nicolae_ru_sacrificial_ziggurat, uniq_natasha
D:4:      layout_loops_ring, serial_shops, shop, minmay_misc_feat_rugged,
          minmay_misc_feat_roman, lemuel_statue_altar
D:5:      layout_rooms, general_overflow_altar, basic_altar, uniq_eustachio,
          uniq_edmund
D:6:      layout_cave_pods, riverfiend_overflow_shadow_ancestor,
          kennysheep_mini, minmay_temple_entry_sparse_star
D:7:      layout_loops_corners, tgw_sif
D:8:      layout_basic, serial_shops, nicolae_shop_stone, hex_large
D:9:      layout_stronghold, chequers_temple_overflow_minitemple
D:10:     layout_small_grid, lair_entry_dummy
D:11:     minmay_imperfect_grid, layout_irregular_city, serial_shops,
          nicolae_shop_stone
D:12:     layout_rooms, zombieorc2_lemuel, evilmike_butchery
Temple:   regret_index_temple_generic_petals
Lair:1:   layout_loops_ring, wad_woods_road_02, infiniplex_staircase_pool_2,
          lemuel_fruit_fields, lemuel_fruit_tree, uniq_erica
Lair:2:   layout_small_grid
Lair:3:   layout_concentric_octagons, guppyfry_snake_entry_island
Lair:4:   layout_loops_ring, minmay_swamp_entry_eels,
          gammafunk_ghost_necromancy, grunt_forest_large_clearings,
          minmay_lair_oklob_chamber, lemuel_fruit_fields

Skill      XL: |  1  2  3  4  5  6  7  8  9 10 11 12 |
---------------+-------------------------------------+-----
Conjurations   | 3 4 5 6 7 8 9 10 11 | 11.5
Spellcasting   | 3 5 8 10 12 13 14 | 14.6
Hexes          | 5 7 |  7.6
Translocations | 6 9 |  9.0
Air Magic      | 3 5 |  5.7
Dodging        | |  3.0
Stealth        | |  3.0

Action                   |  1- 3 |  4- 6 |  7- 9 | 10-12 || total
-------------------------+-------+-------+-------+-------++-------
Melee: Quarterstaff      |       |       |       |     2 ||     2
       Staff             |       |       |       |     3 ||     3
 Cast: Magic Dart        |    57 |    55 |   147 |    65 ||   324
       Searing Ray       |     8 |    31 |    70 |    75 ||   184
       Fulminant Prism   |       |       |     3 |    26 ||    29
       Airstrike         |       |       |       |   307 ||   307
       Iskenderun's Myst |       |       |       |    14 ||    14
       Lightning Bolt    |       |       |       |     2 ||     2
  Use: Scroll            |       |       |     4 |    15 ||    19
       Potion            |       |       |       |    13 ||    13
Armor: Robe              |     3 |       |     4 |     3 ||    10
Dodge: Dodged            |     3 |     1 |    53 |    69 ||   126
Block: Other             |       |       |     2 |    16 ||    18

Table legend: (Time is in decaauts)
 A = Elapsed time spent in this place.
 B = Non-inter-level travel time spent in this place.
 C = Inter-level travel time spent in this place.
 D = Time resting spent in this place.
 E = Time spent auto-exploring this place.
 F = Levels seen in this place.
 G = Mean time per level.
                   A        B        C        D        E       F      G
               +--------+--------+--------+--------+--------+-----+--------+
         Total |  21033 |  20439 |    594 |   2448 |  14323 |  17 | 1237.2 |
       Dungeon |  13360 |  12868 |    492 |    527 |   9795 |  12 | 1113.3 |
        Temple |     91 |     78 |     13 |      0 |     74 |   1 |   91.0 |
          Lair |   7580 |   7491 |     89 |   1921 |   4453 |   4 | 1895.0 |
               +--------+--------+--------+--------+--------+-----+--------+

Top non-repeatable levels by time:
  Lair:3: 2491 daAuts
  Lair:1: 2053 daAuts
    D:11: 1956 daAuts
  Lair:4: 1703 daAuts
    D:10: 1672 daAuts
     D:6: 1438 daAuts
  Lair:2: 1332 daAuts
     D:3: 1273 daAuts
     D:9: 1171 daAuts
     D:4: 1135 daAuts
     D:2: 1110 daAuts
     D:8: 1046 daAuts
     D:7: 971 daAuts
     D:1: 828 daAuts
     D:5: 652 daAuts
